 Dungeon Crawl Stone Soup version 0.28-a0-1227-ga9037bb4c8 (webtiles) character file.

Game seed: 527116906215790580

2340 ytrimaz the Insei (level 9, -9/70 HPs)
             Began as an Octopode Transmuter on Dec 22, 2021.
             Was an Initiate of Ashenzari.
             Killed from afar by a steam dragon (27 damage)
             ... with a ball of steam
             ... on level 6 of the Dungeon.
             The game lasted 00:14:12 (8447 turns).

ytrimaz the Insei (Octopode Transmuter)             Turns: 8447, Time: 00:14:13

Health: -9/70      AC:  6    Str: 10    XL:     9   Next: 43%
Magic:  14/17      EV: 11    Int: 19    God:    Ashenzari [......]
Gold:   393        SH:  0    Dex: 12    Spells: 4/19 levels left

rFire   x . .      SeeInvis .     - Unarmed
rCold   + + +      Faith    .   (shield currently unavailable)
rNeg    . . .      Spirit   .   (helmet currently unavailable)
rPois   +          Reflect  .   (no amulet)
rElec   .          Harm     .   (no ring)
rCorr   .          Rampage  .   (no ring)
Will    .....                   (no ring)
Stlth   +.........              (no ring)
HPRegen 0.21/turn               (no ring)
MPRegen 0.15/turn               (no ring)
                                (no ring)
                                (no ring)

@: ice-form
A: freezing attack, boosted hp, almost no armour, amphibious, 8 rings, large,
(camouflage 1), (gelatinous body 1), (nimble swimmer 1), (tentacles)
a: End Transformation, Renounce Religion


You were on level 6 of the Dungeon.
You worshipped Ashenzari.
Ashenzari was noncommittal.
You were a creature of crystalline ice.
You visited 2 branches of the dungeon, and saw 7 of its levels.
You also visited: Ossuary.

You collected 393 gold pieces.

Inventory:

Wands
 j - a wand of paralysis (4)
 l - a wand of acid (1)
 n - a wand of iceblast (19)
Scrolls
 c - a scroll of fear
 f - a scroll of enchant weapon
 g - 3 scrolls of blinking
 o - 2 scrolls of vulnerability
 p - a scroll of acquirement
 r - a scroll of teleportation
Potions
 a - 2 potions of haste
 b - a potion of curing
 d - 2 potions of lignification
 e - a potion of attraction
 h - 3 potions of ambrosia
 i - a potion of cancellation {unknown}
 k - 2 potions of flight {unknown}
 m - 5 potions of heal wounds {unknown}
 q - a potion of degeneration {unknown}
 s - 2 potions of resistance {unknown}
 t - a potion of might {unknown}


   Skills:
 * Level 4.4 Fighting
 * Level 5.0 Dodging
 + Level 6.8 Unarmed Combat
 * Level 5.6 Spellcasting
 * Level 5.2 Transmutations
 * Level 4.3 Poison Magic


You had 4 spell levels left.
You knew the following spells:

 Your Spells              Type           Power      Damage    Failure   Level
a - Poisonous Vapours     Pois/Air       26%        N/A       8%          2
b - Wereblood             Tmut           25%        N/A       1%          2
c - Spider Form           Tmut/Pois      23%        N/A       4%          3
d - Ice Form              Ice/Tmut       15%        N/A       36%         4
e - Olgreb's Toxic Radia  Pois           21%        N/A       21%         4

Your spell library contained the following spells:

 Spells                   Type           Power      Damage    Failure   Level
 Beastly Appendage        Tmut           50%        N/A       1%          1
 Sting                    Tmut/Pois      92%        1d7       1%          1
 Magic Dart               Conj           20%        1d4       12%         1
 Shock                    Conj/Air       20%        1d4       12%         1
 Call Imp                 Summ           5%         N/A       19%         2
 Sublimation of Blood     Necr           5%         N/A       19%         2
 Mephitic Cloud           Conj/Pois/Air  10%        N/A       19%         3
 Swiftness                Air            5%         N/A       34%         3
 Petrify                  Tmut/Erth      15%        N/A       36%         4
 Airstrike                Air            2%         N/A       75%         4
 Irradiate                Conj/Tmut      7%         3d15      73%         5


Dungeon Overview and Level Annotations

Branches:
Dungeon (6/15)             Temple (1/1) D:4         Ossuary (visited)

Altars:
Ashenzari
Cheibriados
Dithmenos
Elyvilon
Fedhas
Gozag
Kikubaaqudgha
Makhleb
Nemelex Xobeh
Okawaru
Qazlal
Ru
Sif Muna
Trog
Uskayaw
Vehumet
Wu Jian
Xom
Yredelemnul
The Shining One

Shops:
D:3 [   D:6 :

Annotations:
D:3 Grinder
D:6 1 transporter


Innate Abilities, Weirdness & Mutations

You are a creature of crystalline ice.
You have a powerful freezing melee attack.
Your maximum health is increased.
Your armour is entirely melded.
You are incapable of wielding weapons or throwing items.
You cannot wear most types of armour.
You are amphibious.
You can wear up to eight rings at the same time.
((Your skin changes colour to match your surroundings (Stealth+).))
((Your rubbery body absorbs attacks. (AC +1, EV +1)))
((You are camouflaged when in or above water. (Stealth+)))
((You have tentacles for arms and can constrict up to eight enemies at once.))


Message History

The steam dragon bites you but does no damage.
The steam dragon closely misses you.
You barely miss the steam dragon.
The steam dragon is heavily wounded.
The steam dragon closely misses you. The steam dragon misses you.
You punch the steam dragon! You freeze the steam dragon.
You kill the steam dragon!
You start resting.
Magic restored.
You start resting.
Your transformation is almost over.
You start resting.
You warm up again.
Casting: Ice Form (quite dangerous; 36% risk of failure)
Confirm with . or Enter, or press ? or * to list all spells.
Okay, then.
You start resting.
HP restored.
Casting: Ice Form (quite dangerous; 36% risk of failure)
Confirm with . or Enter, or press ? or * to list all spells.
The spell is quite dangerous to miscast (36% risk of failure)!
Continue anyway?
You turn into a creature of crystalline ice.
Unknown command.
A steam dragon comes into view.
The steam dragon breathes steam at you. The ball of steam hits you!!
The steam scalds you terribly!
You punch the steam dragon! You freeze the steam dragon.
The steam dragon is heavily wounded.
You are engulfed in a cloud of scalding steam.
You punch the steam dragon! You freeze the steam dragon.
The steam dragon is almost dead.
You are engulfed in a cloud of scalding steam.
The steam dragon bites you! The steam dragon claws you.
* * * LOW HITPOINT WARNING * * *
You hit the steam dragon but do no damage.
The steam dragon is almost dead.
You are engulfed in a cloud of scalding steam.
The steam dragon breathes steam at you. The ball of steam hits you!!
The steam scalds you terribly!
You die...

≈.#.##.# #.##.#
########## #. ≈...##.#
#.# #. ≈.#.##.# #####
#. ≈.#.##.# ####.≈≈##
#. ≈......# #.#...≈≈#
#. ≈.#...###.....⌠.≈#
## ≈.#....#...#....≈##
≈....(...####...D≈#
≈......^.... ##Y§#
≈.##..##### ##§§≈#
≈..#..# ##§.§§#
≈.....# #≈§.§##
≈.#...#######≈.§##
≈...#.......#§.####
≈...[.#####.#≈....####
≈[....# #.##≈....#.##
≈.###.# #..#≈.⌠.....#


You could see a steam dragon (catching breath).

Vanquished Creatures
  Pikel (D:5)
  Sigmund (D:4)
  A steam dragon (D:6)
  Eustachio (D:4)
  A necrophage (D:4)
  2 ogres
  3 elf zombies (Ossuary)
  A bullfrog (D:6)
  2 bullfrog zombies
  2 jellies (D:5)
  A bullfrog skeleton (D:6)
  3 centaur zombies
  A human zombie (Ossuary)
  3 orc priests
  A hound (D:4)
  3 iguanas
  6 orc wizards
  2 mummies (Ossuary)
  A howler monkey skeleton (D:5)
  8 adders
  2 river rats (D:5)
  2 shadow imps
  2 ufetubi
  2 adder zombies (Ossuary)
  4 worms
  4 dart slugs
  17 orcs
  5 endoplasms
  6 giant cockroaches
  9 goblins
  8 hobgoblins
  6 jackals (D:3)
  3 quokkas
  3 ball pythons
  3 bats
  2 frilled lizards
  A goblin zombie (Ossuary)
  8 hobgoblin zombies (Ossuary)
  9 kobolds
  9 kobold zombies (Ossuary)
  9 orc zombies (Ossuary)
  8 rats
  3 rat zombies (Ossuary)
169 creatures vanquished.

Vanquished Creatures (others)
  4 plants (D:6)
4 creatures vanquished.

Grand Total: 173 creatures vanquished

Notes
Turn   | Place    | Note
-------+----------+-------------------------------------------
     0 | D:1      | ytrimaz the Octopode Transmuter began the quest for the
                  | Orb.
     0 | D:1      | Reached XP level 1. HP: 13/13 MP: 3/3
   549 | D:1      | Reached XP level 2. HP: 18/18 MP: 1/5
   800 | D:1      | Learned a level 2 spell: Wereblood
  1509 | D:1      | Reached XP level 3. HP: 21/23 MP: 4/6
  1517 | D:1      | Learned a level 3 spell: Spider Form
  2612 | D:2      | Reached XP level 4. HP: 16/28 MP: 7/7
  3180 | D:3      | Found Tumaxism's Antique Armour Shop.
  3182 | D:3      | Noticed Grinder
  3355 | D:3      | Found a faded altar of an unknown god.
  4337 | D:4      | Noticed Eustachio
  4355 | D:4      | Killed Eustachio
  4356 | D:4      | Reached XP level 5. HP: 15/35 MP: 6/9
  4356 | D:4      | Reached XP level 6. HP: 17/40 MP: 6/10
  4543 | D:4      | Noticed Sigmund
  4556 | D:4      | Learned a level 4 spell: Ice Form
  4637 | D:4      | Killed Sigmund
  4638 | D:4      | Reached skill level 4 in Unarmed Combat
  4843 | D:4      | Reached XP level 7. HP: 43/45 MP: 12/12
  4908 | D:4      | Learned a level 2 spell: Poisonous Vapours
  5073 | D:4      | Reached skill level 1 in Poison Magic
  5186 | D:4      | Found a staircase to the Ecumenical Temple.
  5304 | Temple   | Entered the Ecumenical Temple
  5609 | D:4      | Found a blossoming altar of Fedhas.
  5613 | D:4      | Found a stormy altar of Qazlal.
  5613 | D:4      | Found an opulent altar of Gozag.
  5749 | D:5      | Entered Level 5 of the Dungeon
  5867 | D:5      | Identified the +0 pair of gloves of Valour {Harm Will+
                  | Int+2}
  5886 | D:5      | Reached XP level 8. HP: 51/52 MP: 6/14
  5931 | D:5      | Found a glowing golden altar of the Shining One.
  6152 | D:5      | Found a sand-covered staircase.
  6161 | Ossuary  | Entered an ossuary
  6414 | Ossuary  | Reached skill level 5 in Unarmed Combat
  6955 | D:5      | Reached skill level 5 in Spellcasting
  7102 | D:5      | Learned a level 4 spell: Olgreb's Toxic Radiance
  7133 | D:5      | Noticed Pikel
  7140 | D:5      | Killed Pikel
  7141 | D:5      | Reached skill level 6 in Unarmed Combat
  7141 | D:5      | Reached skill level 5 in Transmutations
  7141 | D:5      | Reached XP level 9. HP: 43/58 MP: 12/17
  7511 | D:5      | Identified a scroll of acquirement
  7958 | Temple   | Became a worshipper of Ashenzari the Shackled
  8145 | D:6      | Found a transporter.
  8150 | D:6      | Identified the +2 spear of Gilul {venom, Int+2}
  8150 | D:6      | Identified the +0 buckler of Dowacs {Str+3 Int+2 Dex-2
                  | SInv}
  8156 | D:6      | Reached skill level 5 in Dodging
  8257 | D:6      | Found Qenkaul's Self-Improvement Boutique.
  8447 | D:6      | Killed from afar by a steam dragon

Illustrated notes

Levels and vault maps discovered:
D:1:      lightli_arrival_flooded_house, layout_basic
D:2:      minmay_evil_eye, layout_loops_ring
D:3:      layout_loops_ring, serial_shops, shop_fountains,
          ebering_ecumenical_altar_abandoned, hangedman_feature_mirror,
          uniq_grinder
D:4:      layout_rooms, grunt_temple_overflow_open, minmay_temple_entry_grid,
          uniq_sigmund, uniq_eustachio
D:5:      layout_rooms, amcnicky_altar_gilded, nicolae_ossuary_entry_ruins,
          lightli_sewer_entry_pipes, uniq_pikel
D:6:      cheibrodos_steamvent, layout_loops_ring,
          gammafunk_ghost_gnarly_gnolls, nicolae_shop_self_help
Temple:   eino_temple_rhombus

Skill      XL: |  1  2  3  4  5  6  7  8  9 |
---------------+----------------------------+-----
Fighting       | 2 3 4 |  4.4
Dodging        | 3 4 5 |  5.0
Spellcasting   | 3 4 5 |  5.6
Transmutations | 3 4 5 |  5.2
Unarmed Combat | 4 6 |  6.8
Poison Magic   | 2 4 |  4.3

Action                   |  1- 3 |  4- 6 |  7- 9 || total
-------------------------+-------+-------+-------++-------
Melee: Unarmed           |    95 |    87 |   268 ||   450
       Constrict         |    25 |    21 |    17 ||    63
       Tentacles         |    15 |    12 |    14 ||    41
       Kick              |    17 |    18 |     3 ||    38
       Punch             |     1 |     1 |     1 ||     3
 Cast: Beastly Appendage |    15 |    17 |     2 ||    34
       Wereblood         |     2 |     1 |     2 ||     5
       Spider Form       |     1 |     4 |     9 ||    14
       Poisonous Vapours |       |       |    15 ||    15
       Ice Form          |       |       |    12 ||    12
       Olgreb's Toxic Ra |       |       |     2 ||     2
Evoke: Wand              |       |       |     1 ||     1
  Use: Scroll            |     3 |     6 |     6 ||    15
       Potion            |       |       |     1 ||     1
 Stab: Sleeping          |     1 |     3 |     1 ||     5
       Distracted        |       |       |     1 ||     1
       Paralysed         |       |       |     6 ||     6
Armor: Skin              |     6 |     6 |    43 ||    55
Dodge: Dodged            |    45 |    72 |   174 ||   291

Table legend: (Time is in decaauts)
 A = Elapsed time spent in this place.
 B = Non-inter-level travel time spent in this place.
 C = Inter-level travel time spent in this place.
 D = Time resting spent in this place.
 E = Time spent auto-exploring this place.
 F = Levels seen in this place.
 G = Mean time per level.
                   A        B        C        D        E       F      G
               +--------+--------+--------+--------+--------+-----+--------+
         Total |   8426 |   8160 |    266 |   1472 |   5129 |   8 | 1053.2 |
       Dungeon |   7543 |   7304 |    239 |   1035 |   4894 |   6 | 1257.2 |
        Temple |    191 |    164 |     27 |      0 |    148 |   1 |  191.0 |
       Ossuary |    691 |    691 |      0 |    437 |     87 |   1 |  691.0 |
               +--------+--------+--------+--------+--------+-----+--------+

Top non-repeatable levels by time:
     D:1: 1724 daAuts
     D:2: 1399 daAuts
     D:4: 1357 daAuts
     D:5: 1187 daAuts
     D:3: 1165 daAuts
     D:6: 710 daAuts
 Ossuary: 691 daAuts
  Temple: 191 daAuts
